 Dungeon Crawl Stone Soup version 0.29.0-4-gdea44cf6ec (webtiles) character file.

Game seed: 4049911931109365780

119 qw the Chopper (level 4, -5/39 HPs)
             Began as a Minotaur Fighter on Sept 4, 2022.
             Slain by a gnoll
             ... wielding a +0 flail
              (9 damage)
             ... on level 2 of the Dungeon.
             The game lasted 00:00:39 (1083 turns).

qw the Chopper (Minotaur Fighter)                   Turns: 1083, Time: 00:00:39

Health: -5/39      AC:  6    Str: 23    XL:     4   Next: 73%
Magic:  3/3        EV:  9    Int:  5    God:
Gold:   81         SH:  4    Dex:  9    Spells: 3/3 levels left

rFire   . . .      SeeInvis .   Y - +0 war axe
rCold   . . .      Faith    .   c - +0 buckler
rNeg    . . .      Spirit   .   b - +0 scale mail
rPois   .          Reflect  .   (helmet restricted)
rElec   .          Harm     .   (no cloak)
rCorr   .          Rampage  .   (no gloves)
Will    .....                   (no boots)
Stlth   ..........              (no amulet)
HPRegen 0.13/turn               (no ring)
MPRegen 0.08/turn               (no ring)

@: no status effects
A: horns 2, retaliatory headbutt
a: no special abilities


You were on level 2 of the Dungeon.
You visited 1 branch of the dungeon, and saw 2 of its levels.

You collected 81 gold pieces.


Innate Abilities, Weirdness & Mutations

You have a pair of horns on your head.
You reflexively headbutt those who attack you in melee.


   Skills:
 - Level 3.6 Fighting
 + Level 5.8 Axes
 - Level 3.6 Armour
 - Level 1.1 Dodging
 - Level 3.6 Shields


You had 3 spell levels left.
You didn't know any spells.
Your spell library was empty.

Inventory:

Hand Weapons
 f - a +3 vorpal flail
 Y - a +0 war axe (weapon)
Armour
 b - a +0 scale mail (worn)
 c - a +0 buckler (worn)
Potions
 a - a potion of mutation {unknown}
 d - a potion of might
 e - a potion of heal wounds {unknown}
 g - a potion of curing {unknown}
 j - a potion of degeneration {unknown}

Dungeon Overview and Level Annotations

Branches:
Dungeon (2/15)

Altars:

Shops:
D:1 [


Message History

The gnoll shouts!
A gnoll comes into view. It is wielding a +0 club.
The gnoll moves out of view. x2
1074 ||| Stepping ~*~*~tactically~*~*~ (stealth).
A gnoll comes into view. It is wielding a +0 flail.
The gnoll shouts!
The gnoll hits you with a +0 halberd.
The gnoll moves out of view.
Things that are here:
a +0 mace; a +0 scale mail; the human corpse of Terence You hit the gnoll.
Your headbutt misses the gnoll.
The gnoll is moderately wounded.
You completely miss the gnoll.
The gnoll is moderately wounded.
You hit the gnoll but do no damage. You block the gnoll's attack.
The gnoll hits you with a +0 club. The gnoll hits you with a +0 halberd.
You hit the gnoll.
The gnoll is severely wounded.
You closely miss the gnoll. The gnoll hits you with a +0 club.
The gnoll hits you with a +0 halberd!
You hit the gnoll.
You kill the gnoll!
You barely miss the gnoll. The gnoll hits you with a +0 club.
You slash the gnoll!
The gnoll is severely wounded.
The gnoll closely misses you.
You hit the gnoll.
The gnoll is almost dead.
You hit the gnoll. The gnoll hits you with a +0 flail.
The gnoll hits you with a +0 club.
You slash the gnoll!
You kill the gnoll!
You barely miss the gnoll. The gnoll hits you with a +0 flail.
You hit the gnoll but do no damage.
The gnoll is lightly wounded.
You hit the gnoll but do no damage. The gnoll barely misses you.
The gnoll hits you with a +0 flail!
You die...

.........####....#
.........# #....#
.........# #....#
.........# #....+
.........# #...
#.###'#### #... #.# #.#
... .
#.###.#########g#####....
....(..........g@........
#.###.#########.#####....
#.# #.# #... . ..# #.#
##### #.# #.# #.######
.....:.# ########


You could see 2 gnolls.

Vanquished Creatures
  Jessica (D:2)
  Terence (D:2)
  2 gnolls (D:2)
  2 adders (D:2)
  4 bats
  2 endoplasms
  3 giant cockroaches (D:1)
  2 goblins (D:1)
  3 hobgoblins (D:1)
  4 jackals (D:2)
  2 kobolds
  2 ball pythons
  4 frilled lizards
  2 rats (D:1)
34 creatures vanquished.

Vanquished Creatures (others)
  4 fungi (D:2)
  11 plants (D:2)
15 creatures vanquished.

Grand Total: 49 creatures vanquished

Notes
Turn   | Place    | Note
-------+----------+-------------------------------------------
     0 | D:1      | qw the Minotaur Fighter began the quest for the Orb.
     0 | D:1      | Reached XP level 1. HP: 19/19 MP: 0/0
     0 | D:1      | 0 ||| qw: Version: 0.1-a-103-gd6f5d3a
     0 | D:1      | 0 ||| qw: Game counter: 5700
     0 | D:1      | 0 ||| qw: Always use a shield: true
     0 | D:1      | 0 ||| qw: God list: Ru
     0 | D:1      | 0 ||| qw: Allow faded altars: false
     0 | D:1      | 0 ||| qw: Do Orc after D:15 true
     0 | D:1      | 0 ||| qw: Do second Lair branch before Depths: true
     0 | D:1      | 0 ||| qw: Lair rune preference: random
     0 | D:1      | 0 ||| qw: Plans: Normal
     0 | D:1      | 0 ||| PLANNING D:1-11
    83 | D:1      | Reached skill level 3 in Axes
   152 | D:1      | Reached XP level 2. HP: 24/26 MP: 1/1
   279 | D:1      | 279 ||| Stepping ~*~*~tactically~*~*~ (stealth).
   356 | D:1      | Found Ybrash's Armour Emporium.
   365 | D:1      | 365 ||| SHOPLISTING +2 ring mail of cold resistance (252
                  | gold, have 25).
   365 | D:1      | 365 ||| SHOPLISTING +4 plate armour of fire resistance (600
                  | gold, have 25).
   484 | D:1      | Reached skill level 4 in Axes
   514 | D:1      | 514 ||| READING scroll labelled PIBLUNWUCVO.
   515 | D:1      | 515 ||| READING scroll labelled YKLA NETZOZEN.
   516 | D:1      | 516 ||| READING scroll labelled PAHOKA ENKIUQ.
   582 | D:2      | Reached XP level 3. HP: 29/31 MP: 2/2
   627 | D:2      | Noticed Jessica
   631 | D:2      | Killed Jessica
   632 | D:2      | Reached skill level 5 in Axes
   771 | D:2      | Found a faded altar of an unknown god.
   850 | D:2      | Reached skill level 1 in Dodging
   850 | D:2      | Reached XP level 4. HP: 39/39 MP: 3/3
   947 | D:2      | Noticed Terence
   956 | D:2      | Killed Terence
   957 | D:2      | 957 ||| FLEEEEING.
   958 | D:2      | 958 ||| FLEEEEING.
   959 | D:2      | 959 ||| FLEEEEING.
   960 | D:2      | 960 ||| FLEEEEING.
   961 | D:2      | 961 ||| FLEEEEING.
   962 | D:2      | 962 ||| FLEEEEING.
   963 | D:2      | 963 ||| FLEEEEING.
   964 | D:2      | 964 ||| FLEEEEING.
   965 | D:2      | 965 ||| FLEEEEING.
   966 | D:2      | 966 ||| FLEEEEING.
   967 | D:2      | 967 ||| FLEEEEING.
   968 | D:2      | 968 ||| FLEEEEING.
   969 | D:2      | 969 ||| FLEEEEING.
   970 | D:2      | 970 ||| FLEEEEING.
   971 | D:2      | 971 ||| FLEEEEING.
   972 | D:2      | 972 ||| FLEEEEING.
   973 | D:2      | 973 ||| FLEEEEING.
   974 | D:2      | 974 ||| FLEEEEING.
   975 | D:2      | 975 ||| FLEEEEING.
   976 | D:2      | 976 ||| FLEEEEING.
   977 | D:2      | 977 ||| FLEEEEING.
   978 | D:2      | 978 ||| FLEEEEING.
   979 | D:2      | 979 ||| FLEEEEING.
   980 | D:2      | 980 ||| FLEEEEING.
   981 | D:2      | 981 ||| FLEEEEING.
   982 | D:2      | 982 ||| FLEEEEING.
   983 | D:2      | 983 ||| FLEEEEING.
   985 | D:2      | 985 ||| FLEEEEING.
   986 | D:2      | 986 ||| FLEEEEING.
   987 | D:2      | 987 ||| FLEEEEING.
   988 | D:2      | 988 ||| STAIRDANCE
  1023 | D:1      | 1023 ||| READING scroll labelled SUPEUTU SABIMN.
  1072 | D:2      | 1072 ||| DROPPING +0 mace.
  1074 | D:2      | 1074 ||| Stepping ~*~*~tactically~*~*~ (stealth).
  1082 | D:2      | HP: 4/39 [gnoll/+0 flail (6)]
  1083 | D:2      | Slain by a gnoll

Levels and vault maps discovered:
D:1:      lightli_arrival_boilingwater, layout_rooms, serial_shops, shop
D:2:      layout_basic, shapermc_ecumenical_altar_mp_ritualfount, uniq_jessica,
          uniq_terence

Skill      XL: |  1  2  3 |
---------------+----------+-----
Axes           | 3 4 5 |  5.8
Dodging        | 1 |  1.1
Fighting       | |  3.6
Armour         | |  3.6
Shields        | |  3.6

Action                   |  1- 3 |  4- 6 || total
-------------------------+-------+-------++-------
Melee: War axe           |    66 |    14 ||    80
       Headbutt          |     5 |     1 ||     6
  Use: Scroll            |     3 |     1 ||     4
Armor: Scale mail        |    46 |     3 ||    49
Dodge: Dodged            |    28 |     3 ||    31
Block: Buckler           |    13 |     1 ||    14

Table legend:
 A = Non-vault XP
 B = Vault XP
 C = Vault XP percentage of total XP
 D = Non-vault monster count
 E = Vault monster count
 F = Vault count percentage of total count
                 A         B        C        D         E       F
            +---------+---------+-------+---------+---------+-------
      Total |     103 |      67 |  39.4 |      32 |       2 |   5.9
            +---------+---------+-------+---------+---------+-------
        D:1 |      30 |       0 |   0.0 |      18 |       0 |   0.0
        D:2 |      73 |      67 |  47.9 |      14 |       2 |  12.5
            +---------+---------+-------+---------+---------+-------
